 Dungeon Crawl Stone Soup version 0.29-a0-286-g41199d4a87 (webtiles) character file.

Game seed: 9426906350584544468

10 Leszczynek the Chopper (level 2, -7/22 HPs)
             Began as a Human Gladiator on Mar 16, 2022.
             Killed by nerve-wracking pain
             ... invoked by Jessica
              (14 damage)
             ... on level 2 of the Dungeon.
             The game lasted 00:01:57 (253 turns).

Leszczynek the Chopper (Human Gladiator)             Turns: 253, Time: 00:01:58

Health: -7/22      AC:  6    Str: 14    XL:     2   Next: 30%
Magic:  2/2        EV: 11    Int:  8    God:
Gold:   39         SH:  0    Dex: 14    Spells: 1/1 levels left

rFire   . . .      SeeInvis .   a - +0 war axe
rCold   . . .      Faith    .   (no shield)
rNeg    . . .      Spirit   .   f - +0 ring mail
rPois   .          Reflect  .   c - +0 helmet
rElec   .          Harm     .   (no cloak)
rCorr   .          Rampage  .   (no gloves)
Will    .....                   (no boots)
Stlth   +.........              (no amulet)
HPRegen 0.07/turn               (no ring)
MPRegen 0.08/turn               (no ring)

@: invisible
A: no striking features
a: no special abilities


You were on level 2 of the Dungeon.
You visited 1 branch of the dungeon, and saw 2 of its levels.

You collected 39 gold pieces.

Inventory:

Hand Weapons
 a - a +0 war axe (weapon)
Missiles
 d - 3 throwing nets (quivered)
 e - a javelin
Armour
 b - a +0 leather armour
 c - a +0 helmet (worn)
 f - a +0 ring mail (worn)
Scrolls
 i - a scroll of torment {!r}


   Skills:
 - Level 2.0 Fighting
 + Level 3.6 Axes
 - Level 2.0 Throwing
 - Level 3.0 Dodging


You had one spell level left.
You didn't know any spells.
Your spell library contained the following spells:

 Spells                   Type           Power      Damage    Failure   Level
 Pain                     Necr           0%         1d4       65%         1
 Agony                    Necr           0%         N/A       100%        5
 Excruciating Wounds      Necr           0%         N/A       100%        5


Dungeon Overview and Level Annotations

Branches:
Dungeon (2/15)

Altars:

Annotations:
D:2 Jessica


Message History

a +0 dagger; a goblin corpse You now have 39 gold pieces (gained 8).
There is a stone staircase leading down here.
There is a stone staircase leading down here.
You climb downwards.
Level annotation: Jessica
There is a stone staircase leading up here.
You see here a +0 dagger.
A frilled lizard comes into view.
The frilled lizard hisses angrily.
The frilled lizard bites you but does no damage.
The frilled lizard bites you but does no damage.
Found a stone staircase leading down.
The frilled lizard bites you but does no damage.
The frilled lizard attacks as you move away!
The frilled lizard bites you.
A dart slug and a kobold come into view.
The kobold shouts!
You slash the dart slug!
You kill the dart slug!
You hit the frilled lizard.
You kill the frilled lizard!
The kobold throws a stone.
The stone hits you but does no damage.
An adder comes into view.
Found a chain mail.
The adder hisses angrily.
The kobold throws a stone.
The stone hits you but does no damage.
Unknown command.
Found a hunting sling.
Unknown command.
It was a potion of invisibility.
You fade into invisibility!
Jessica zaps a wand.
The puff of flame hits you!
As you read the scroll labelled WIXUVU TUSIY, it crumbles to dust.
It is a scroll of identify.
i - a scroll of torment Jessica casts a spell at you.
Pain shoots through your body!
Ouch! That really hurt!
You die...

#..[.. .. #....# ##.
#....# .# .. #.....
..# #. #...S# ..#.#
#. #....# #.#.# # #.
#....# #.#.# #.#.
#..K.# #>#.######.#.
#..@.###............
#........#.########.
#..#.###@#..........
#..#...........@....
#..###+#########....
#.. #.### ... #.# #
##)# #.# # #.# #


You could see an adder (can't see you), Jessica (can't see you) and a kobold
(can't see you).

Vanquished Creatures
  A dart slug (D:2)
  A ball python (D:2)
  An endoplasm (D:1)
  2 goblins (D:1)
  A frilled lizard (D:2)
  2 rats (D:2)
8 creatures vanquished.

Notes
Turn   | Place    | Note
-------+----------+-------------------------------------------
     0 | D:1      | Leszczynek the Human Gladiator began the quest for the Orb.
     0 | D:1      | Reached XP level 1. HP: 16/16 MP: 1/1
   168 | D:2      | Noticed Jessica
   174 | D:1      | Reached XP level 2. HP: 12/22 MP: 2/2
   253 | D:2      | Ouch! That really hurt!
   253 | D:2      | Killed from afar by Jessica

Illustrated notes

Levels and vault maps discovered:
D:1:      sevenhm_arrival_forest_fort_small_6, layout_loops_ring
D:2:      minmay_chambers_of_ones, layout_basic, serial_shops,
          nicolae_shop_bloodbath_and_beyond, uniq_robin, uniq_jessica

Action                   || total
-------------------------++-------
Melee: War axe           ||    12
  Use: Scroll            ||     1
       Potion            ||     1
Armor: Ring mail         ||    10
Dodge: Dodged            ||     4

Table legend: (Time is in decaauts)
 A = Elapsed time spent in this place.
 B = Non-inter-level travel time spent in this place.
 C = Inter-level travel time spent in this place.
 D = Time resting spent in this place.
 E = Time spent auto-exploring this place.
 F = Levels seen in this place.
 G = Mean time per level.
                   A        B        C        D        E       F      G
               +--------+--------+--------+--------+--------+-----+--------+
         Total |    258 |    258 |      0 |      0 |      0 |   2 |  129.0 |
       Dungeon |    258 |    258 |      0 |      0 |      0 |   2 |  129.0 |
               +--------+--------+--------+--------+--------+-----+--------+

Top non-repeatable levels by time:
     D:1: 159 daAuts
     D:2: 99 daAuts
